 Dungeon Crawl Stone Soup version 0.29.1-1-gd02db6906a (webtiles) character file.

Game seed: 11990166524857952285

107 xian the Sneak (level 4, 0/21 HPs)
             Began as a Spriggan Enchanter on Oct 3, 2022.
             Slain by a river rat (9 damage)
             ... in a sewer.
             The game lasted 00:07:18 (2861 turns).

xian the Sneak (Spriggan Enchanter)                 Turns: 2861, Time: 00:07:19

Health: 0/21       AC:  3    Str:  6    XL:     4   Next: 57%
Magic:  2/9        EV: 14    Int: 16    God:
Gold:   150        SH:  0    Dex: 15    Spells: 4/9 levels left

rFire   . . .      SeeInvis +   a - +1 dagger
rCold   . . .      Faith    .   (no shield)
rNeg    + . .      Spirit   .   d - +1 robe {rN+}
rPois   .          Reflect  .   (helmet restricted)
rElec   .          Harm     .   (no cloak)
rCorr   .          Rampage  .   (gloves unavailable)
Will    .....                   (boots unavailable)
Stlth   ++........              (no amulet)
HPRegen 0.07/turn               (no ring)
MPRegen 0.11/turn               (no ring)

@: mighty, constricted, slow
A: very small, no large weapons, unfitting armour, see invisible, speed 3
a: no special abilities


You were in a sewer.
You visited 1 branch of the dungeon, and saw 3 of its levels.
You also visited: Sewer.

You collected 150 gold pieces.

Inventory:

Hand Weapons
 a - a +1 dagger (weapon)
Armour
 d - a +1 robe of positive energy (worn)
Jewellery
 g - an amulet of regeneration
Wands
 n - a wand of charming (13)
Scrolls
 b - 2 scrolls of fear {unknown}
 e - a scroll of identify
 m - a scroll of enchant weapon
 p - a scroll of poison
 q - a scroll of teleportation
Potions
 c - 3 potions of invisibility
 f - 2 potions of heal wounds {unknown}
 h - 2 potions of curing {unknown}
 j - a potion of mutation {unknown}
 k - 2 potions of might
 l - a potion of brilliance {unknown}
 o - 2 potions of magic {unknown}


   Skills:
 + Level 0.6 Fighting
 + Level 2.0 Short Blades
 + Level 3.3 Dodging
 + Level 6.0 Stealth
 + Level 3.1 Spellcasting
 + Level 4.4 Hexes
 + Level 0.2 Ice Magic


You had 4 spell levels left.
You knew the following spells:

 Your Spells              Type           Power      Damage    Failure   Level
a - Confusing Touch       Hex            16%        N/A       9%          3
b - Ensorcelled Hibernat  Hex/Ice        18%        N/A       11%         2

Your spell library contained the following spells:

 Spells                   Type           Power      Damage    Failure   Level
 Tukima's Dance           Hex            16%        N/A       9%          3
 Dazzling Flash           Conj/Hex       18%        N/A       22%         3
 Frozen Ramparts          Ice            6%         1d1       45%         3
 Anguish                  Hex/Necr       4%         N/A       58%         4
 Ice Form                 Ice/Tmut       2%         N/A       87%         4
 Summon Ice Beast         Ice/Summ       2%         N/A       87%         4
 Enfeeble                 Hex            8%         N/A       100%        7


Dungeon Overview and Level Annotations

Branches:
Dungeon (3/15)              Sewer (1/1)

Altars:


Innate Abilities, Weirdness & Mutations

You are very small and have problems with some larger weapons.
You are too small for most types of armour.
You have supernaturally acute eyesight. (SInv)
You cover ground extremely quickly. (Speed+++)


Message History

Casting: Ensorcelled Hibernation (safe; 11% risk of failure)
Confirm with . or Enter, or press ? or * to list all spells.
Aiming: Ensorcelled Hibernation (safe; 11% risk of failure)
Press: ? - help, Shift-Dir - straight line, f/p - adder
Aim: an adder (chance to affect: 51%)
The adder resists with some effort.
The adder misses you.
Unknown command.
Casting: Ensorcelled Hibernation (safe; 11% risk of failure)
Confirm with . or Enter, or press ? or * to list all spells.
Aiming: Ensorcelled Hibernation (safe; 11% risk of failure)
Press: ? - help, Shift-Dir - straight line, f/p - adder
Aim: an adder (chance to affect: 51%)
The adder resists with some effort.
The adder bites you. x2
Unknown command.
Casting: Ensorcelled Hibernation (safe; 11% risk of failure)
Confirm with . or Enter, or press ? or * to list all spells.
You don't know that spell.
The adder barely misses you. The ball python bites you.
The ball python barely misses you.
The ball python attacks as you move away!
The ball python closely misses you. x2; The adder bites you but does no damage.
You enter the shallow water.
Moving in this stuff is going to be slow.
The adder closely misses you.
Your magical contamination has completely faded away.
Why would you want to do that? Why would you want to do that?
Unknown command.
It was a potion of might.
You feel very mighty all of a sudden. The ball python misses you.
The ball python closely misses you. The adder bites you but does no damage.
The ball python closely misses you. x2
You closely miss the adder. The adder bites you. The ball python bites you.
The ball python grabs you. The ball python constricts you.
Unknown command.
You barely miss the adder. The adder closely misses you.
The ball python closely misses you. The ball python constricts you.
The adder misses you.
You closely miss the adder. The river rat bites you!
You die...

#..~..#####...~.##### ##...##
##..~## ##~## ##~## #~# #~#
#)# #~# ##~## ##~## ##~~~##
##~~.## .
#~∩..~#####~S...####~~..
~~≈≈≈≈~~∩.~≈≈≈≈≈@S.~~~~~~.~.~
.~####~~...#####.r~.~####...~
##~~.## ##~~.## ~ ##≈## ##≈##
#≈# #≈# #≈# #≈# #≈# #≈# #≈#
.~


You could see an adder, a river rat and a ball python.

Vanquished Creatures
  3 adders (D:2)
  2 river rats (D:3)
  4 dart slugs
  2 worms
  A ball python (D:1)
  4 endoplasms
  4 giant cockroaches
  5 goblins
  6 hobgoblins
  4 kobolds
  3 quokkas (D:1)
  A bat (D:2)
  A frilled lizard (D:2)
  9 rats
49 creatures vanquished.

Notes
Turn   | Place    | Note
-------+----------+-------------------------------------------
     0 | D:1      | xian the Spriggan Enchanter began the quest for the Orb.
     0 | D:1      | Reached XP level 1. HP: 9/9 MP: 5/5
   452 | D:1      | Reached XP level 2. HP: 13/13 MP: 6/6
   617 | D:1      | Found a faded altar of an unknown god.
   965 | D:1      | Reached skill level 5 in Stealth
  1312 | D:2      | Reached XP level 3. HP: 6/16 MP: 8/8
  1525 | D:2      | Learned a level 3 spell: Confusing Touch
  1528 | D:2      | Learned a level 2 spell: Ensorcelled Hibernation
  2194 | D:2      | Reached XP level 4. HP: 21/21 MP: 6/9
  2506 | D:3      | Found a glowing drain.
  2758 | Sewer    | Entered a sewer
  2824 | Sewer    | Reached skill level 6 in Stealth
  2861 | Sewer    | Slain by a river rat

Illustrated notes

Levels and vault maps discovered:
D:1:      scummos_arrival_simple_crosswalls, layout_basic,
          chequers_ecumenical_altar_twisty, minmay_pentomino_w2
D:2:      layout_rooms, chequers_mini_garden
D:3:      layout_basic, nicolae_overflow_hidden_temple, zin_angel,
          portal_sewer_entry_e
Sewer:    sewer_co_15_rooms

Skill      XL: |  1  2  3  4 |
---------------+-------------+-----
Hexes          | 4 |  4.4
Dodging        | 3 |  3.3
Stealth        | 5 6 |  6.0
Spellcasting   | 3 |  3.1
Short Blades   | 2 |  2.0
Fighting       | |  0.6
Ice Magic      | |  0.2

Action                   |  1- 3 |  4- 6 || total
-------------------------+-------+-------++-------
Melee: Dagger            |   128 |    55 ||   183
       Punch             |     2 |     1 ||     3
 Cast: Ensorcelled Hiber |     8 |    11 ||    19
  Use: Scroll            |       |     5 ||     5
       Potion            |       |     1 ||     1
 Stab: Sleeping          |    12 |     6 ||    18
Armor: Robe              |    10 |    13 ||    23
Dodge: Dodged            |    85 |    41 ||   126
